 Dungeon Crawl Stone Soup version 0.31.0-2-g5a2aebc5c2 (webtiles) character file.

Game seed: 4120146717379156138

98 dialectric the Sneak (level 4, -1/40 HPs)
             Began as a Minotaur Delver on Jan 21, 2024.
             Shot with a sling bullet by a goblin (4 damage)
             ... on level 4 of the Dungeon.
             The game lasted 00:01:11 (203 turns).

dialectric the Sneak (Minotaur Delver)               Turns: 203, Time: 00:01:12

Health: -1/40      AC:  3    Str: 19    XL:     4   Next: 43%
Magic:  3/3        EV: 12    Int:  7    God:
Gold:   17         SH:  0    Dex: 11    Spells: 3/3 levels left

rFire   . . .        h - +1 dagger (venom)
rCold   . . .        (no shield)
rNeg    . . .        b - +0 leather armour
rPois   .            (helmet restricted)
rElec   .            (no cloak)
rCorr   .            (no gloves)
SInv    .            (no boots)
Will    .....        (no amulet)
Stlth   +++          (no ring)
HPRegen 0.26/turn    (no ring)
MPRegen 0.08/turn

%: no passive effects
@: no status effects
A: horns 2, retaliatory headbutt
a: no special abilities


You were on level 4 of the Dungeon.
You visited 1 branch of the dungeon, and saw 2 of its levels.

You collected 17 gold pieces.

Inventory:

Hand Weapons
 a - a +0 mace
 h - a +1 dagger of venom (weapon)
Missiles
 i - 5 boomerangs (quivered)
Armour
 b - a +0 leather armour (worn)
Wands
 g - a wand of digging (3)
Scrolls
 c - a scroll of fog
 d - a scroll of revelation
 e - a scroll of fear


   Skills:
 + Level 4.2 Fighting
 + Level 0.3 Short Blades
 + Level 2.6 Maces & Flails
 + Level 0.1 Armour
 + Level 2.3 Dodging
 + Level 5.3 Stealth


You had 3 spell levels left.
You didn't know any spells.
Your spell library was empty.

Dungeon Overview and Level Annotations

Branches:
Dungeon (5/15)
 Temple: D:4-7

Altars:
Nemelex Xobeh


Innate Abilities, Weirdness & Mutations

You have a pair of horns on your head.
You reflexively headbutt those who attack you in melee.


Message History

A kobold and a goblin come into view.
The goblin shoots a sling bullet.
The sling bullet hits you.
A ribbon worm comes into view.
The kobold throws a stone.
The stone misses you.
The kobold throws a stone.
The stone misses you.
The kobold throws a stone.
The stone hits you but does no damage. The iguana misses you.
The kobold throws a stone.
The stone hits you but does no damage. The iguana attacks as it pursues you!
The iguana closely misses you. The iguana attacks as it pursues you!
The iguana bites you. The iguana attacks as it pursues you!
The iguana barely misses you. The iguana attacks as it pursues you!
The iguana misses you. The iguana attacks as it pursues you!
The iguana bites you.
You hit the iguana.
The iguana is poisoned.
You headbutt the iguana, but do no damage.
The iguana is lightly wounded.
The iguana bites you!
You hit the iguana.
The iguana looks as sick as possible!
You headbutt the iguana!
The iguana is severely wounded.
The iguana bites you.
You closely miss the iguana.
The iguana is severely wounded.
The iguana closely misses you.
You completely miss the iguana.
The iguana is almost dead.
The iguana bites you!
* * * LOW HITPOINT WARNING * * *
You hit the iguana but do no damage. You headbutt the iguana.
You kill the iguana!
Unknown command.
You barely miss the kobold. You headbutt the kobold.
The kobold is heavily wounded.
The kobold barely misses you.
You hit the kobold.
You kill the kobold!
The goblin shoots a sling bullet.
The sling bullet closely misses you.
The goblin shoots a sling bullet.
The sling bullet barely misses you.
The goblin shoots a sling bullet.
The sling bullet hits you.
You die...

# #+## #.##### ####..#
####
#....@####...w.#+##...
#.......)gg...........
##############........
#########


You could see 2 goblins.

Vanquished Creatures
  2 orc priests (D:5)
  An iguana (D:4)
  An adder (D:5)
  2 orcs (D:5)
  A giant cockroach (D:4)
  A kobold (D:4)
8 creatures vanquished.

Notes
Turn   | Place    | Note
-------+----------+-------------------------------------------
     0 | D:5      | dialectric the Minotaur Delver began the quest for the Orb.
     0 | D:5      | Reached XP level 1. HP: 19/19 MP: 0/0
    21 | D:5      | Found a sparkling altar of Nemelex Xobeh.
    28 | D:5      | Noticed an orc priest
    32 | D:5      | Killed an orc priest
    33 | D:5      | Reached XP level 2. HP: 17/27 MP: 1/1
    33 | D:5      | Reached XP level 3. HP: 21/33 MP: 2/2
   107 | D:5      | Noticed an ogre
   112 | D:5      | Reached skill level 5 in Stealth
   112 | D:5      | Reached XP level 4. HP: 32/40 MP: 3/3
   163 | D:5      | Noticed an ice beast
   165 | D:4      | Noticed a two-headed ogre
   198 | D:4      | HP: 2/40 [iguana (13)]
   203 | D:4      | Shot with a sling bullet by a goblin

Illustrated notes

Levels and vault maps discovered:
D:4:      corexii_shantytown, layout_basic
D:5:      layout_loops_ring, nicolae_overflow_crystal_walls,
          minmay_quadrilaterals, uniq_crazy_yiuf_cottage

Skill      XL: |  1  2  3 |
---------------+----------+-----
Fighting       | 4 |  4.2
Stealth        | 5 |  5.3
Short Blades   | |  0.3
Maces & Flails | |  2.6
Armour         | |  0.1
Dodging        | |  2.3

Action                     |  1- 3 |  4- 6 || total
---------------------------+-------+-------++-------
  Melee: Dagger            |    13 |     8 ||    21
         Headbutt          |     3 |     5 ||     8
  Throw: Boomerang         |     1 |       ||     1
    Use: Potion            |       |     1 ||     1
 Armour: Leather armour    |     7 |    11 ||    18
  Dodge: Dodged            |     3 |    11 ||    14
